 Dungeon Crawl Stone Soup version 0.23-a0-642-g3120c2f5a9 (webtiles) character file.

35 CheiIsBae the Changer (level 3, 0/28 HPs)
             Began as a Draconian Transmuter on Dec 31, 2018.
             Slain by a centaur zombie (6 damage)
             ... on level 2 of the Dungeon.
             The game lasted 00:01:59 (1386 turns).

CheiIsBae the Changer (Draconian Transmuter)        Turns: 1386, Time: 00:01:59

Health: 0/28       AC:  6    Str: 12    XL:     3   Next: 17%
Magic:  2/6        EV: 12    Int: 14    God:
Gold:   33         SH:  0    Dex: 11    Spells: 3/6 levels left

rFire    . . .     SeeInvis .     - Unarmed
rCold    . . .     Gourm    .   (no shield)
rNeg     . . .     Faith    .   (armour unavailable)
rPois    .         Spirit   .   (helmet restricted)
rElec    .         Reflect  .   e - +0 cloak
rCorr    .         Harm     .   (no gloves)
MR       .....                  (no boots)
Stlth    +.........             (no amulet)
HPRegen  0.09/turn              (no ring)
MPRegen  0.10/turn              (no ring)

@: very slightly contaminated
A: unfitting armour, cold-blooded, AC +5
a: no special abilities


You were on level 2 of the Dungeon.
You were very hungry.

You visited 1 branch of the dungeon, and saw 2 of its levels.

You collected 33 gold pieces.

Inventory:

Missiles
 a - 29 arrows
Armour
 e - a +0 cloak (worn)
Jewellery
 g - an uncursed ring of flight {unknown}
Scrolls
 f - 2 scrolls of identify {unknown}
 h - 2 scrolls of teleportation {unknown}
 i - a scroll of remove curse {unknown}
 j - a scroll of blinking {unknown}
Potions
 b - 2 potions of haste {unknown}
 d - 2 potions of curing {unknown}
Comestibles
 c - 6 rations


   Skills:
 - Level 1.1 Fighting
 - Level 1.7 Dodging
 - Level 3.0 Unarmed Combat
 - Level 2.0 Spellcasting
 + Level 3.7 Transmutations


You had 3 spell levels left.
You knew the following spells:

 Your Spells              Type           Power        Failure   Level  Hunger
a - Beastly Appendage     Tmut           ##....       5%          1    ##.....
b - Sticks to Snakes      Tmut           ##......     8%          2    ###....

Your spell library contained the following spells:

 Spells                   Type           Power        Failure   Level  Hunger
 Spider Form              Tmut/Pois      #.........   32%         3    ####...
 Ice Form                 Ice/Tmut       #.......     73%         4    #####..
 Blade Hands              Tmut           ##........   82%         5    ######.


Dungeon Overview and Level Annotations

Branches:
Dungeon (2/15)

Altars:
Qazlal


Innate Abilities, Weirdness & Mutations

Your plain brown scales are hard. (AC +5)
You cannot fit into any form of body armour.
You are cold-blooded and may be slowed by cold attacks.


Message History

You miscast Sticks to Snakes.
You are very lightly contaminated with residual magic.
You feel a strange surge of energy!
You are feeling very hungry.
The centaur zombie hits you.
* * * LOW HITPOINT WARNING * * *
Your ball python bites the centaur zombie.
The hobgoblin misses you.
Your horns disappear.
Your ball python bites the centaur zombie.
The centaur zombie hits you but does no damage.
Your ball python barely misses the centaur zombie.
You see here a scroll labeled IPUGEL COTI.
The centaur zombie hits you but does no damage.
Your ball python bites the centaur zombie.
The centaur zombie barely misses you.
Your ball python bites the centaur zombie.
Your ball python withers and dies!
The centaur zombie hits you.
You die...

. .#..............###รท.## ..
#..######....###..#..# ..
...............#...#.######
..######..#####....###.#...#.....
...)........# #......##.#.#######
............# #.....<#...#.#
.....w......###.#....#.#...######
.........#+###.......#..#..##....
........?#..##.Z@....##..####.###
.........##.##........##_# #.###
......(.......g..#####.### #....
.................#####... #####
.....................# ...#
..............#...........#
..............#........ ....
..#######........###... ....
.................# ...


You could see a centaur zombie and a hobgoblin.

Vanquished Creatures
  2 worms (D:2)
  A dart slug (D:2)
  A ball python (D:1)
  2 giant cockroaches (D:1)
  6 goblins
  A hobgoblin (D:1)
  4 bats
  2 frilled lizards (D:1)
  3 kobolds (D:1)
  8 rats
30 creatures vanquished.

Vanquished Creatures (collateral kills)
  A kobold (D:2)
1 creature vanquished.

Grand Total: 31 creatures vanquished

Notes
Turn   | Place    | Note
-------+----------+-------------------------------------------
     0 | D:1      | CheiIsBae the Draconian Transmuter began the quest for the
                  | Orb.
     0 | D:1      | Reached XP level 1. HP: 16/16 MP: 3/3
   304 | D:1      | Reached XP level 2. HP: 23/23 MP: 5/5
   537 | D:1      | Learned a level 2 spell: Sticks to Snakes
  1066 | D:2      | Reached XP level 3. HP: 24/28 MP: 1/6
  1138 | D:2      | Found a stormy altar of Qazlal.
  1386 | D:2      | Slain by a centaur zombie

Vault maps used:
D:1:      grunt_arrival_lava_bath, serial_curves, eino_curves_03, eino_curves_03
D:2:      marbit_many_paths, uniq_robin

Skill      XL: |  1  2 |
---------------+-------+-----
Transmutations | 3 |  3.7
Fighting       | |  1.1
Dodging        | |  1.7
Unarmed Combat | |  3.0
Spellcasting   | |  2.0

Action                   || total
-------------------------++-------
Melee: Unarmed           ||   109
       Tailslap          ||    17
       Punch             ||     1
       Headbutt          ||     1
 Cast: Beastly Appendage ||     5
       Sticks to Snakes  ||     4
 Stab: Distracted        ||     1
  Eat: Chunk             ||     1
Armor: Skin              ||    56
Dodge: Dodged            ||    92

Table legend:
 A = Non-vault XP
 B = Vault XP
 C = Vault XP percentage of total XP
 D = Non-vault monster count
 E = Vault monster count
 F = Vault count percentage of total count
                 A         B        C        D         E       F
            +---------+---------+-------+---------+---------+-------
      Total |      50 |       1 |   2.0 |      30 |       1 |   3.2
            +---------+---------+-------+---------+---------+-------
        D:1 |      28 |       0 |   0.0 |      19 |       0 |   0.0
        D:2 |      22 |       1 |   4.3 |      11 |       1 |   8.3
            +---------+---------+-------+---------+---------+-------
